 Dungeon Crawl Stone Soup version 0.27.1 (webtiles) character file.

Game seed: 13161855847818378991

89 H0rd4k the Caller (level 4, -12/30 HPs)
             Began as a Barachi Summoner on Aug 23, 2021.
             Blown up by a goblin (23 damage)
             ... with a mindburst bolt
             ... on level 3 of the Dungeon.
             The game lasted 00:06:41 (3818 turns).

H0rd4k the Caller (Barachi Summoner)                Turns: 3818, Time: 00:06:41

Health: -12/30     AC:  2    Str:  9    XL:     4   Next: 55%
Magic:  5/8        EV: 12    Int: 16    God:
Gold:   103        SH:  0    Dex: 13    Spells: 5/9 levels left

rFire    . . .     SeeInvis .   (no weapon)
rCold    . . .     Faith    .   (no shield)
rNeg     . . .     Spirit   .   a - +0 robe
rPois    .         Reflect  .   (no helmet)
rElec    .         Harm     .   (no cloak)
rCorr    .         Rampage  .   (no gloves)
Will     .....                  (no boots)
Stlth    ++........             (no amulet)
HPRegen  0.10/turn              (no ring)
MPRegen  0.11/turn              (no ring)

@: slow
A: amphibious, slowness 1, strong legs 1, +LOS
a: Hop


You were on level 3 of the Dungeon.
You visited 1 branch of the dungeon, and saw 3 of its levels.

You collected 103 gold pieces.

Inventory:

Armour
 a - a +0 robe (worn)
 j - a +0 pair of boots
Jewellery
 c - a ring of protection from fire
Scrolls
 b - 3 scrolls of fog {unknown}
 d - a scroll of teleportation {unknown}
 g - a scroll of magic mapping {unknown}
 i - a scroll of identify {unknown}
Potions
 e - a potion of haste {unknown}
 f - a potion of might {unknown}
 h - 3 potions of curing {unknown}
 k - a potion of flight {unknown}
 l - a potion of cancellation {unknown}


   Skills:
 + Level 0.2 Fighting
 + Level 2.3 Dodging
 - Level 1.7 Stealth
 + Level 0.4 Unarmed Combat
 * Level 3.3 Spellcasting
 * Level 6.1 Summonings


You had 5 spell levels left.
You knew the following spells:

 Your Spells              Type           Power      Damage    Failure   Level
a - Summon Small Mammal   Summ           88%        N/A       1%          1
b - Call Canine Familiar  Summ           22%        N/A       4%          3

Your spell library contained the following spells:

 Spells                   Type           Power      Damage    Failure   Level
 Call Imp                 Summ           22%        N/A       2%          2
 Summon Guardian Golem    Hex/Summ       12%        N/A       16%         3
 Summon Lightning Spire   Summ/Air       12%        N/A       45%         4
 Conjure Flame            Conj/Fire      2%         6-21      50%         3
 Ignite Poison            Fire/Tmut/Pois 2%         N/A       50%         3
 Sticky Flame             Conj/Fire      2%         2d3       88%         4
 Storm Form               Tmut/Air       1%         N/A       100%        7
 Maxwell's Capacitive Co  Air            1%         ∞         100%        8


Dungeon Overview and Level Annotations

Branches:
Dungeon (3/15)

Altars:
Gozag

Annotations:
D:1 exclusion: downstairs
D:2 Sigmund
D:3 exclusions: upstairs and 1 more exclusion


Innate Abilities, Weirdness & Mutations

You are amphibious.
You cover ground slowly.
You can hop short distances.
You have an extended range of vision and can be seen from far away.


Message History

Your bat hits the jackal. Your quokka misses the jackal.
The jackal barely misses your quokka.
A goblin comes into view. It is wielding a +0 club.
Your quokka bites the jackal.
The jackal dies!
The goblin hits your bat with a +0 club.
Your bat hits the goblin.
Your quokka bites the goblin.
The goblin dies!
Your bat disappears in a puff of smoke!
Your quokka disappears in a puff of smoke!
Your quokka disappears in a puff of smoke!
Your quokka disappears in a puff of smoke!
A goblin comes into view. It is wielding a +0 club.
A goblin is nearby!
A goblin is nearby!
A goblin is nearby!
The goblin shouts!
The goblin hits you with a +0 club.
Your bat barely misses the goblin. x2; The goblin hits you but does no damage.
Your bat hits the goblin.
Your rat bites the goblin.
The goblin hits you with a +0 club.
Unknown command.
Your rat closely misses the goblin.
The goblin hits you with a +0 club.
Your quokka barely misses the goblin.
Your bat hits the goblin.
The goblin dies!
Your bat disappears in a puff of smoke!
Your quokka disappears in a puff of smoke!
Your bat disappears in a puff of smoke!
Your rat disappears in a puff of smoke!
Key pressed, stopping explore.
A goblin is nearby!
A goblin is nearby!
Casting: Summon Small Mammal (safe; 1% risk of failure)
Confirm with . or Enter, or press ? or * to list all spells.
The goblin zaps a wand.
Your mind is blasted!
Ouch! That really hurt!
You are too injured to fight recklessly!
The goblin zaps a wand.
Your mind is blasted!
Ouch! That really hurt!
You die...

##### ##......
.....## ##...##..
.≈≈...#####
##...###..
≈≈≈≈.....#####...##
##.
#≈≈≈≈≈≈........##
## #≈≈≈≈≈≈≈....)..#
# #..)h.≈≈≈.....##
## #g).)..≈≈.....#
#. +##@.≈≈.....# #.
#..≈≈.....# #.
#..≈≈###### ##
#..≈≈# #..≈≈#
#...≈≈# #...≈≈#
#...≈≈# ####≈≈#


You could see a goblin (ally target) and a friendly hound (summoned).

Vanquished Creatures
  2 goblins
  A hobgoblin (D:3)
  A quokka (D:3)
4 creatures vanquished.

Vanquished Creatures (collateral kills)
  A vampire bat (D:3)
  Robin (D:2)
  2 gnolls (D:2)
  An adder (D:2)
  A dart slug (D:3)
  2 endoplasms
  6 giant cockroaches
  15 goblins
  5 hobgoblins
  A jackal (D:3)
  4 quokkas
  2 ball pythons
  11 bats
  A frilled lizard (D:2)
  4 kobolds
  5 rats
62 creatures vanquished.

Grand Total: 66 creatures vanquished

Notes
Turn   | Place    | Note
-------+----------+-------------------------------------------
     0 | D:1      | H0rd4k the Barachi Summoner began the quest for the Orb.
     0 | D:1      | Reached XP level 1. HP: 13/13 MP: 3/3
   246 | D:1      | Reached skill level 5 in Summonings
   833 | D:1      | Reached XP level 2. HP: 12/19 MP: 1/5
  1495 | D:2      | Noticed Robin
  1505 | D:2      | Killed Robin
  1523 | D:2      | Reached XP level 3. HP: 13/24 MP: 1/6
  1662 | D:1      | Learned a level 3 spell: Call Canine Familiar
  2062 | D:2      | Noticed Sigmund
  2873 | D:3      | Found an opulent altar of Gozag.
  3092 | D:3      | Reached XP level 4. HP: 30/30 MP: 2/8
  3153 | D:3      | Reached skill level 6 in Summonings
  3818 | D:3      | Blown up by a goblin

Illustrated notes

Levels and vault maps discovered:
D:1:      dpeg_arrival_round_a, layout_rooms
D:2:      layout_basic, minmay_tetromino_s4, uniq_robin, uniq_terence,
          uniq_sigmund
D:3:      kennysheep_goblin_castle, layout_rooms,
          nicolae_gozag_cash_rules_everything_around_me, goddamned_bats

Skill      XL: |  1  2  3  4 |
---------------+-------------+-----
Summonings     | 5 6 |  6.1
Spellcasting   | 3 |  3.3
Fighting       | |  0.2
Dodging        | |  2.3
Stealth        | |  1.7
Unarmed Combat | |  0.4

Action                   |  1- 3 |  4- 6 || total
-------------------------+-------+-------++-------
Melee: Unarmed           |    41 |     7 ||    48
 Cast: Summon Small Mamm |   113 |    45 ||   158
       Call Canine Famil |       |     1 ||     1
 Abil: Hop               |     1 |       ||     1
Armor: Robe              |    19 |    16 ||    35
Dodge: Dodged            |    79 |    32 ||   111
